 Dungeon Crawl Stone Soup version 0.28.0-53-g5a82cb258f (webtiles) character file.

Game seed: 6311350800865213039

128 Stomo the Cultivator (level 4, 0/34 HPs)
             Began as a Demonspawn Gladiator on July 3, 2022.
             Was a Believer of Fedhas.
             Succumbed to a scorpion's poison
             ... on level 4 of the Dungeon on July 4, 2022.
             The game lasted 00:04:51 (3550 turns).

Stomo the Cultivator (Demonspawn Gladiator)         Turns: 3550, Time: 00:04:51

Health: 0/34       AC:  6    Str: 16    XL:     4   Next: 87%
Magic:  7/7        EV: 11    Int:  9    God:    Fedhas [**....]
Gold:   192        SH:  4    Dex: 15    Spells: 3/3 levels left

rFire   . . .      SeeInvis .   a - +0 flail
rCold   . . .      Faith    .   (no shield)
rNeg    . . .      Spirit   .   k - +0 ring mail
rPois   .          Reflect  .   c - +0 helmet
rElec   .          Harm     .   (no cloak)
rCorr   .          Rampage  .   (no gloves)
Will    .....                   (no boots)
Stlth   +.........              (no amulet)
HPRegen 0.11/turn               (no ring)
MPRegen 0.10/turn               (no ring)

@: lethally poisoned (0 -> -7)
A: powered by death 1, condensation shield
a: Renounce Religion, Wall of Briars


You were on level 4 of the Dungeon.
You worshipped Fedhas.
Fedhas was pleased with you.
You visited 1 branch of the dungeon, and saw 4 of its levels.

You collected 192 gold pieces.

Inventory:

Hand Weapons
 a - a +0 flail (weapon)
Missiles
 d - 3 throwing nets (quivered)
Armour
 b - a +0 leather armour
 c - a +0 helmet (worn)
 k - a +0 ring mail (worn)
Wands
 s - a wand of acid (11)
Scrolls
 e - a scroll of amnesia
 g - 3 scrolls of teleportation
 h - 4 scrolls of identify {unknown}
 j - 2 scrolls of noise {unknown}
 l - a scroll of vulnerability {unknown}
 n - 2 scrolls of magic mapping {unknown}
 r - a scroll of enchant armour {unknown}
Potions
 f - a potion of magic
 i - 2 potions of curing {unknown}
 m - 2 potions of heal wounds {unknown}
 o - a potion of attraction {unknown}
 p - a potion of ambrosia {unknown}
 q - 2 potions of might {unknown}


   Skills:
 + Level 2.6 Fighting
 + Level 3.1 Maces & Flails
 - Level 1.7 Throwing
 + Level 1.1 Armour
 + Level 3.0 Dodging
 * Level 4.2 Invocations


You had 3 spell levels left.
You didn't know any spells.
Your spell library was empty.

Dungeon Overview and Level Annotations

Branches:
Dungeon (4/15)
 Temple: D:4-7

Altars:
Fedhas


Innate Abilities, Weirdness & Mutations

You regenerate a little health from kills.
A meltable shield of frost defends you. (SH +4)


Message History

Fedhas appreciates your contribution to the ecosystem.
No target in view!
No target in view!
No target in view!
No target in view!
No target in view!
No target in view!
You open the door.
There is an open door here.
Found a long sword.
A scorpion comes into view.
As you read the scroll labelled VEUNAPP VOYTT, it crumbles to dust.
It is a scroll of amnesia.
You feel forgetful for a moment.
As you read the scroll labelled ZOLUKK LOMO, it crumbles to dust.
You feel strangely unstable.
It was a scroll of teleportation.
Unknown command.
You block the scorpion's attack. The scorpion stings you.
You are poisoned.
The scorpion poisons you!
You barely miss the scorpion.
You feel very sick. The scorpion stings you.
You are lethally poisoned!
The scorpion poisons you!
You hit the scorpion but do no damage.
Your surroundings suddenly seem different.
You feel extremely sick.
* * * LOW HITPOINT WARNING * * *
You feel very sick.
* * * LOW HITPOINT WARNING * * *
You feel very sick.
* * * LOW HITPOINT WARNING * * *
You feel very sick.
A hobgoblin comes into view.
* * * LOW HITPOINT WARNING * * *
You feel sick.
It was a potion of magic.
Magic courses through your body.
You die...
Fedhas appreciates your contribution to the ecosystem.

..........
..........
....... ####....
####.....###.#.#
................
##.......#.....
#.......# .#.
#......@#
.............g..
##.......#.###.#
#.......#.#
######... . ....
.. #..# .# ....
.#


You could see a hobgoblin.

Vanquished Creatures
  4 gnolls
  2 adders
  A dart slug (D:1)
  An orc (D:3)
  6 ball pythons
  9 bats
  6 endoplasms
  3 giant cockroaches
  4 hobgoblins (D:1)
  3 jackals (D:2)
  3 kobolds
  6 quokkas
  4 frilled lizards
  4 goblins
  7 rats
63 creatures vanquished.

Notes
Turn   | Place    | Note
-------+----------+-------------------------------------------
     0 | D:1      | Stomo the Demonspawn Gladiator began the quest for the Orb.
     0 | D:1      | Reached XP level 1. HP: 16/16 MP: 1/1
   143 | D:1      | Found a faded altar of an unknown god.
   168 | D:1      | Prayed at the altar of an unknown god.
   168 | D:1      | Became a worshipper of Fedhas Madash
   168 | D:1      | Reached * piety under Fedhas
   205 | D:1      | Reached skill level 1 in Invocations
   229 | D:1      | Gained mutation: A meltable shield of frost defends you.
                  | (SH +4) [demonic ancestry]
   229 | D:1      | Reached XP level 2. HP: 21/22 MP: 2/2
   383 | D:1      | Reached skill level 2 in Invocations
   694 | D:1      | Reached skill level 3 in Invocations
   694 | D:1      | Reached XP level 3. HP: 21/27 MP: 5/5
   767 | D:1      | Reached ** piety under Fedhas
  1579 | D:1      | HP: 1/27 [poisoned by an adder]
  1959 | D:2      | Gained mutation: You regenerate a little health from kills.
                  | [demonic ancestry]
  1959 | D:2      | Reached XP level 4. HP: 27/34 MP: 6/6
  2204 | D:1      | Reached skill level 1 in Armour
  2236 | D:2      | Reached skill level 4 in Invocations
  3539 | D:4      | Noticed a scorpion
  3550 | D:4      | Succumbed to a scorpion's poison

Illustrated notes

Levels and vault maps discovered:
D:1:      eino_arrival_water_cross, layout_basic, serial_rivers,
          chequers_serial_rivers_micro_e, chequers_serial_rivers_large_b,
          chequers_serial_rivers_room_a, chequers_serial_rivers_micro_d,
          chequers_serial_rivers_small_3, ebering_ecumenical_altar_box,
          minmay_tetromino_t4
D:2:      layout_loops_ring
D:3:      layout_rooms, serial_aquarium, aquarium_bridge_straight
          [aquarium_subvault_bridge, aquarium_subvault_wall,
          aquarium_subvault_bridge, aquarium_subvault_wall], aquarium_window_1,
          aquarium_window_3, aquarium_window_1, aquarium_view_2d,
          aquarium_view_4, aquarium_balcony_3b, aquarium_pool_2
D:4:      layout_basic, gammafunk_ghost_mausoleum,
          minmay_shop_enchanted_jewellery, dk_rats_in_the_wall

Skill      XL: |  1  2  3  4 |
---------------+-------------+-----
Invocations    | 1 3 4 |  4.2
Maces & Flails | 3 |  3.1
Dodging        | 3 |  3.0
Armour         | 1 |  1.1
Fighting       | |  2.6
Throwing       | |  1.7

Action                   |  1- 3 |  4- 6 || total
-------------------------+-------+-------++-------
Melee: Flail             |   105 |    70 ||   175
       Punch             |     1 |     1 ||     2
  Use: Scroll            |       |     2 ||     2
       Potion            |       |     1 ||     1
 Stab: Sleeping          |     1 |       ||     1
Armor: Leather armour    |    37 |       ||    37
       Ring mail         |     9 |    27 ||    36
Dodge: Dodged            |    75 |    51 ||   126
Block: Other             |    16 |    18 ||    34
